AoeStats
← ANKR.Tank20089

Arabia

510248876Analyzed
1v1 RM · 2d ago on Sep 30, 2026· 23m 15s· 2 players
Game mode
Random Map
Map size
Tiny (2 player)
Population
200
Speed
Normal
Resources
Standard
Victory
Conquest
Starting age
Dark Age
Ending age
Imperial Age
RankedLock teamsTeams togetherTeam positionsShared explorationLock speedFull tech treeHidden civsTurbo modeCheats
Victory
Defeat
🇸🇦 Malay · Saudi Arabia
2323
+10
🇹🇼 Vikings · Taiwan
2177
-10
ANKR.Tank20089
6:16 Loom
6:45 Loom
8:45 Feudal Age
9:46 Double-Bit Axe
23:32 Castle Age
22:27 Horse Collar
[GLD] Abu abdullah
7:14 Loom
10:01 Feudal Age
9:15 Man-at-Arms
14:44 Arson
15:52 Fletching
18:02 Wheelbarrow
21:50 Castle Age
20:50 Double-Bit Axe
20:52 Horse Collar
21:27 Elite Skirmisher
21:50 Long Swordsman
22:32 Squires
23:05 Bodkin Arrow
Connection lost

Rejoining the realm…

Still unreachable

The connection could not be restored.

Session expired

The server has moved on; the page needs a fresh start.